 Dungeon Crawl Stone Soup version 0.31-a0-175-g9f7f995f2b (webtiles) character file.

Game seed: 4480524239750477404

34249 qw the Marksgargoyle (level 13, -3/84 HPs)
             Began as a Gargoyle Hunter on June 17, 2023.
             Was a High Priest of Okawaru.
             Killed by divine providence
             ... invoked by a meliai
              (9 damage)
             ... on level 4 of the Lair of Beasts.
             The game lasted 00:05:25 (11282 turns).

qw the Marksgargoyle (Gargoyle Hunter)             Turns: 11282, Time: 00:05:25

Health: -3/84      AC: 17    Str: 15    XL:     13   Next: 76%
Magic:  15/20      EV: 24    Int: 14    God:    Okawaru [*****.]
Gold:   410        SH:  0    Dex: 19    Spells: 12/12 levels left

rFire   . . .        v - +0 longbow (elec)
rCold   . . .        (shield currently unavailable)
rNeg    + . .        k - +1 robe "Epik" {Will+++ Dex+3}
rPois   inf          u - +0 helmet
rElec   +            (no cloak)
rCorr   .            d - +0 pair of gloves {Stlth+}
SInv    .            r - +0 pair of boots
Will    +++..        b - amulet of regeneration
Stlth   ++           f - +4 ring of slaying {mikee}
HPRegen 1.14/turn    j - +5 ring of evasion
MPRegen 0.17/turn

%: no passive effects
@: heroic, finesse-ful, very slow
A: sickness immunity, AC +9, negative energy resistance 1, electricity
resistance, torment resistance 1, petrification resistance, clever 1
a: Renounce Religion, Heroism, Finesse, Duel


You were on level 4 of the Lair of Beasts.
You worshipped Okawaru.
Okawaru was extremely pleased with you.
You visited 3 branches of the dungeon, and saw 15 of its levels.

You collected 925 gold pieces.
You spent 515 gold pieces at shops.


Innate Abilities, Weirdness & Mutations

You are immune to sickness and miasma.
Your stone body is resilient. (AC +9)
You are immune to poison.
You resist negative energy. (rN+)
You are resistant to electric shocks. (rElec)
You are resistant to unholy torment.
You are immune to petrification.
Your mind is acute. (Int +4, Str/Dex -1)


   Skills:
 - Level 11.0(16.0) Fighting
 + Level 17.6(22.6) Ranged Weapons
 - Level 4.0(9.0) Armour
 - Level 6.0(11.0) Dodging
 - Level 1.1(6.1) Stealth
 - Level 10.0 Invocations


You had 12 spell levels left.
You didn't know any spells.
Your spell library was empty.

Inventory:

Hand Weapons
 v - a +0 longbow of electrocution (weapon)
Armour
 d - a +0 pair of gloves of stealth (worn)
 k - the +1 robe "Epik" (worn) {Will+++ Dex+3}
   (You found it on level 3 of the Dungeon)

   Dex:       It affects your dexterity (+3).
   Will:      It greatly increases your willpower.
 q - +0 acid dragon scales
 r - a +0 pair of boots (worn)
 u - a +0 helmet (worn)
Jewellery
 a - a ring of fire
 b - an amulet of regeneration (around neck)
 f - a +4 ring of slaying (left hand) {mikee}
 j - a +5 ring of evasion (right hand)
Scrolls
 e - 10 scrolls of identify
Potions
 c - 4 potions of enlightenment
 g - 2 potions of mutation
 h - 4 potions of attraction
 i - 2 potions of lignification
 l - 7 potions of curing
 m - 3 potions of might
 n - a potion of resistance
 o - 3 potions of haste
 p - 2 potions of cancellation
 s - 4 potions of ambrosia {unknown}
 t - a potion of magic

Dungeon Overview and Level Annotations

Branches:
Dungeon (10/15)            Temple (1/1) D:5            Lair (4/5) D:9
 Shoals (0/4) Lair:3        Snake (0/4) Lair:3        Slime (0/5) Lair:4
    Orc: D:9-12

Altars:
Ashenzari
Cheibriados
Dithmenos
Elyvilon
Fedhas
Gozag
Hepliaklqana
Kikubaaqudgha
Makhleb
Nemelex Xobeh
Okawaru
Qazlal
Ru
Sif Muna
Trog
Uskayaw
Vehumet
Wu Jian
Yredelemnul
Zin
The Shining One

Shops:
D:2 *   D:3 [   D:6 !   D:9 !(

Annotations:
D:2 1 runed translucent door, Crazy Yiuf
D:5 1 runed translucent door, qw's ghost, novice NaHu


Message History

The killer bee moves out of view.
You shoot an arrow. The killer bee buzzes angrily.
The arrow hits the meliai!
The meliai is almost dead.
You hear an angry buzzing noise.
The killer bee completely misses you. The killer bee misses you.
The meliai barely misses you. The meliai misses you. The killer bee misses you.
A meliai comes into view. It is wielding a +0 war axe.
A manticore comes into view.
You shoot an arrow. The killer bee buzzes angrily.
The arrow hits the meliai.
The meliai is almost dead.
The killer bee stings you but does no damage. x2
The killer bee misses you. The meliai closely misses you. x2
The killer bee stings you but does no damage.
The meliai completely misses you. The meliai closely misses you.
The killer bee closely misses you. x2
A death yak comes into view.
11280 ||| INVOKING Finesse.
You can now deal lightning-fast blows.
The killer bee misses you. x2
The meliai calls down the wrath of its god upon you.
Something smites you! The killer bee closely misses you. x2
A queen bee comes into view.
The meliai misses you. The meliai barely misses you.
The killer bee completely misses you. x2
You shoot an arrow. The arrow closely misses the meliai.
The queen bee buzzes angrily.
The arrow hits the killer bee.
The killer bee is lightly wounded.
You shoot an arrow. The arrow hits the meliai.
The meliai is almost dead.
The killer bee misses you.
The meliai mumbles some strange prayers to its god against you.
Something smites you! The killer bee misses you.
The meliai invokes the aid of its god against you.
Something smites you!
You die...

....#....# #......#.....##
....##...# #.....#.##.#..#
....P..... #...##....#...#
........#. #...##..#....###
......... #....%.........#
.....#. #.............##
.....# ##.~.P.~.P.~.~..#
.....#
######~yy~~~~~~~~~#.##
##..## #~~~~~~@yy~~~~~~~~###
#P..### ~~~~~~~##yy~~~~~~~~#
#.....##~~~~~~~ #Fyy~~~~~~~#
.......#~~~~$.~~~y~Hy##~~~~#
......##~~~~.(~~~y~~~##~~~~#
.......#~~~~~~~ ~~H~~~
....####~~##~~~ ~~~~~Y~
........~~##~ ...y.~.
.%%....~~~~~~


You could see a death yak, 2 manticores, a cane toad, a queen bee, 2 meliai and
9 killer bees.

Vanquished Creatures
  Snorg (Lair:4)
  A hydra (Lair:2)
  A two-headed ogre (D:9)
  A skyshark (Lair:4)
  A bog body (Lair:2)
  Pikel (D:6)
  A manticore (Lair:4)
  7 oklob plants (Lair:4)
  3 elephants (Lair:4)
  A merfolk siren (Lair:3)
  5 cane toads
  Maggie (D:8)
  7 rime drakes
  Psyche (D:8)
  4 komodo dragons
  2 ice devils (Lair:2)
  A meliai (Lair:4)
  Prince Ribbit (D:8)
  9 blink frogs
  2 polar bears
  A hornet (D:9)
  10 dream sheep (Lair:3)
  Sigmund (D:6)
  A vampire (D:9)
  5 wyverns
  42 yaks
  4 basilisks
  A death yak simulacrum (Lair:2)
  3 steam dragons
  Menkaure (D:6)
  3 wargs (D:9)
  3 nagas (Lair:3)
  A harpy simulacrum (Lair:2)
  An acid dragon (D:10)
  5 water moccasins
  2 orc warriors (D:9)
  2 sky beasts
  2 black bears
  An ice beast (D:4)
  5 centaurs
  29 wolves
  A lemure (D:6)
  3 phantoms
  9 bullfrogs
  An entropy weaver simulacrum (Lair:2)
  8 scorpions
  7 wights (D:7)
  21 killer bees (Lair:4)
  6 electric eels
  3 howler monkeys
  2 jellies
  4 orc priests
  A gnoll bouda (D:7)
  3 hounds (D:5)
  An iron imp (D:8)
  6 orc wizards
  4 sleepcaps
  2 iguanas
  A spriggan simulacrum (Lair:2)
  A polar bear simulacrum (Lair:2)
  10 gnolls
  4 adders
  A naga simulacrum (Lair:2)
  2 white imps
  An ufetubus (D:4)
  2 worms (D:3)
  27 orcs
  7 bats
  5 endoplasms
  3 giant cockroaches
  8 goblins
  7 hobgoblins
  14 jackals
  8 ball pythons
  4 frilled lizards (D:1)
  7 kobolds
  4 rats
  A butterfly (Lair:2)
373 creatures vanquished.

Notes
Turn   | Place    | Note
-------+----------+-------------------------------------------
     0 | D:1      | qw the Gargoyle Hunter began the quest for the Orb.
     0 | D:1      | Reached XP level 1. HP: 12/12 MP: 1/1
     0 | D:1      | 0 ||| qw: Version: 0.3-a-2-g5ab2908
     0 | D:1      | 0 ||| qw: Game counter: 267
     0 | D:1      | 0 ||| qw: Always use a shield: true
     0 | D:1      | 0 ||| qw: God list: Okawaru
     0 | D:1      | 0 ||| qw: Allow faded altars: false
     0 | D:1      | 0 ||| qw: Do Orc after D:15 true
     0 | D:1      | 0 ||| qw: Do second Lair branch before Depths: true
     0 | D:1      | 0 ||| qw: Lair rune preference: random
     0 | D:1      | 0 ||| qw: Plans: Normal, Zot:1-4, Slime:5, God:TSO, Crypt,
                  | Tomb, Abyss, Pan, Hells, Win
     0 | D:1      | 0 ||| PLANNING D:1-11
    57 | D:1      | Reached XP level 2. HP: 17/17 MP: 2/2
    84 | D:1      | 84 ||| FLEEEEING.
    85 | D:1      | 85 ||| FLEEEEING.
    86 | D:1      | 86 ||| FLEEEEING.
    88 | D:1      | 88 ||| FLEEEEING.
    89 | D:1      | 89 ||| FLEEEEING.
    90 | D:1      | 90 ||| FLEEEEING.
    91 | D:1      | 91 ||| FLEEEEING.
    92 | D:1      | 92 ||| FLEEEEING.
    93 | D:1      | 93 ||| FLEEEEING.
    94 | D:1      | 94 ||| FLEEEEING.
    95 | D:1      | 95 ||| FLEEEEING.
    96 | D:1      | 96 ||| FLEEEEING.
    97 | D:1      | 97 ||| FLEEEEING.
    98 | D:1      | 98 ||| FLEEEEING.
    99 | D:1      | 99 ||| FLEEEEING.
   100 | D:1      | 100 ||| FLEEEEING.
   101 | D:1      | 101 ||| FLEEEEING.
   102 | D:1      | 102 ||| FLEEEEING.
   103 | D:1      | 103 ||| FLEEEEING.
   104 | D:1      | 104 ||| FLEEEEING.
   105 | D:1      | 105 ||| FLEEEEING.
   106 | D:1      | 106 ||| FLEEEEING.
   183 | D:1      | 183 ||| SWAPPING to +3 heavy sling.
   206 | D:1      | Reached XP level 3. HP: 21/21 MP: 3/3
   393 | D:1      | Reached skill level 5 in Ranged Weapons
   921 | D:1      | 921 ||| DROPPING +6 ring of intelligence.
   922 | D:1      | 922 ||| DROPPING ring of wizardry.
   923 | D:1      | 923 ||| READING scroll labelled JUALEI BOKLO.
   924 | D:1      | 924 ||| READING scroll labelled MIHAGI FUPRIWN.
   925 | D:1      | 925 ||| READING scroll labelled DATHRE IVEAXI.
   926 | D:1      | 926 ||| DRINKING 2 dark potions.
   927 | D:1      | 927 ||| DROPPING scroll of butterflies.
  1079 | D:2      | Found a runed translucent door.
  1080 | D:2      | Noticed Crazy Yiuf
  1150 | D:2      | Reached skill level 3 in Fighting
  1266 | D:2      | Found Bopume's Assorted Antiques.
  1277 | D:2      | 1277 ||| BUYING potion of curing (75 gold).
  1277 | D:2      | Bought a potion of curing for 75 gold pieces
  1277 | D:2      | 1277 ||| SHOPLISTING ring mail (100 gold, have 42).
  1277 | D:2      | 1277 ||| SHOPLISTING runed iron wand (100 gold, have 42).
  1277 | D:2      | 1277 ||| BUYING scroll labelled FAXU XEMUSEIS (25 gold).
  1277 | D:2      | Bought a scroll labelled FAXU XEMUSEIS for 25 gold pieces
  1277 | D:2      | 1277 ||| SHOPLISTING scroll labelled IREFEFION (25 gold,
                  | have 17).
  1277 | D:2      | 1277 ||| SHOPLISTING scroll labelled WIJECI WUEMI (25 gold,
                  | have 17).
  1277 | D:2      | 1277 ||| SHOPLISTING slimy bronze ring (125 gold, have 17).
  1370 | D:2      | 1370 ||| UPGRADING to +6 ring of strength.
  1371 | D:2      | 1371 ||| UPGRADING to +5 ring of evasion.
  1372 | D:2      | 1372 ||| READING scroll labelled IRGHOAD ITTAUR.
  1373 | D:2      | 1373 ||| READING scroll labelled QAATHU TEPLO.
  1374 | D:2      | 1374 ||| READING 2 scrolls labelled FAXU XEMUSEIS.
  1375 | D:2      | 1375 ||| DRINKING 2 lumpy brown potions.
  1375 | D:2      | Gained mutation: Your mind is acute. (Int +4, Str/Dex -1)
                  | [potion of mutation]
  1376 | D:2      | 1376 ||| READING 3 scrolls of identify.
  1376 | D:2      | 1376 ||| IDENTIFYING clear potion
  1377 | D:2      | 1377 ||| READING 2 scrolls of identify.
  1377 | D:2      | 1377 ||| IDENTIFYING cyan potion
  1378 | D:2      | 1378 ||| DROPPING scroll of noise.
  1436 | D:3      | 1436 ||| Stepping ~*~*~tactically~*~*~ (outnumbered).
  1438 | D:3      | 1438 ||| FLEEEEING.
  1439 | D:3      | 1439 ||| FLEEEEING.
  1440 | D:3      | 1440 ||| FLEEEEING.
  1441 | D:3      | 1441 ||| FLEEEEING.
  1444 | D:3      | 1444 ||| FLEEEEING.
  1445 | D:3      | 1445 ||| FLEEEEING.
  1451 | D:3      | 1451 ||| FLEEEEING.
  1452 | D:3      | 1452 ||| FLEEEEING.
  1453 | D:3      | 1453 ||| FLEEEEING.
  1454 | D:3      | 1454 ||| FLEEEEING.
  1455 | D:3      | 1455 ||| FLEEEEING.
  1456 | D:3      | 1456 ||| FLEEEEING.
  1457 | D:3      | 1457 ||| FLEEEEING.
  1458 | D:3      | 1458 ||| STAIRDANCE
  1555 | D:3      | 1555 ||| STAIRDANCE
  1638 | D:3      | 1638 ||| STAIRDANCE
  1641 | D:2      | HP: 3/23 [orc priest/+0 dagger (3)]
  1641 | D:2      | HP: 1/23 [orc priest/+0 dagger (2)]
  1644 | D:2      | Reached XP level 4. HP: 3/28 MP: 4/4
  1951 | D:3      | Noticed a black bear
  1956 | D:3      | Killed a black bear
  1957 | D:3      | Reached skill level 6 in Ranged Weapons
  1957 | D:3      | Reached XP level 5. HP: 32/32 MP: 5/5
  1996 | D:3      | 1996 ||| Stepping ~*~*~tactically~*~*~ (outnumbered).
  2004 | D:3      | 2004 ||| DRINKING 4 potions of curing.
  2004 | D:3      | 2004 ||| (to cure confusion)
  2200 | D:3      | Reached XP level 6. HP: 38/38 MP: 6/6
  2438 | D:3      | Identified the +1 robe "Epik" {Will+++ Dex+3}
  2508 | D:3      | Found Ynitzent's Armour Shoppe.
  2512 | D:3      | 2512 ||| SHOPLISTING +2 helmet of Lyrhipp {rF+} (370 gold,
                  | have 17).
  2565 | D:3      | 2565 ||| UPGRADING to +1 robe "Epik" {Will+++ Dex+3}.
  2575 | D:3      | 2575 ||| DROPPING +0 leather armour.
  2576 | D:3      | 2576 ||| UPGRADING to amulet of regeneration.
  2581 | D:3      | 2581 ||| READING scroll labelled COSOCHU RIRIF.
  2582 | D:3      | 2582 ||| READING 2 scrolls of identify.
  2582 | D:3      | 2582 ||| IDENTIFYING coppery potion
  2649 | D:4      | Reached skill level 7 in Ranged Weapons
  2683 | D:4      | Noticed an ice beast
  2690 | D:4      | Killed an ice beast
  2691 | D:4      | Reached XP level 7. HP: 43/43 MP: 7/7
  2832 | D:4      | 2832 ||| Stepping ~*~*~tactically~*~*~ (outnumbered).
  2929 | D:4      | Reached skill level 8 in Ranged Weapons
  3337 | D:4      | 3337 ||| READING 3 scrolls of identify.
  3337 | D:4      | 3337 ||| IDENTIFYING pink potion
  3338 | D:4      | 3338 ||| READING 2 scrolls of identify.
  3338 | D:4      | 3338 ||| IDENTIFYING fizzy dark potion
  3339 | D:4      | 3339 ||| DROPPING potion of invisibility.
  3346 | D:5      | Entered Level 5 of the Dungeon
  3419 | D:5      | Found a staircase to the Ecumenical Temple.
  3420 | D:5      | 3420 ||| PLANNING TEMPLE
  3427 | Temple   | Entered the Ecumenical Temple
  3457 | Temple   | 3457 ||| PLANNING OKAWARU WORSHIP
  3466 | Temple   | Became a worshipper of Warmaster Okawaru
  3467 | Temple   | 3467 ||| PLANNING D:1-11
  3778 | D:5      | Found a runed translucent door.
  3779 | D:5      | Noticed qw's ghost (novice NaHu)
  3834 | D:5      | Reached XP level 8. HP: 48/49 MP: 8/8
  3875 | D:5      | Found an ornate altar of the Wu Jian Council.
  3877 | D:5      | Found an opulent altar of Gozag.
  3878 | D:5      | Found a glowing golden altar of the Shining One.
  4071 | D:5      | Reached skill level 9 in Ranged Weapons
  4076 | D:5      | Reached * piety under Okawaru
  4077 | D:5      | 4077 ||| INVOKING Heroism.
  4529 | D:5      | 4529 ||| READING scroll labelled DOETEYLUWN.
  4530 | D:5      | 4530 ||| READING 2 scrolls of identify.
  4530 | D:5      | 4530 ||| IDENTIFYING black potion
  4559 | D:6      | 4559 ||| STAIRDANCE
  4627 | D:6      | Reached skill level 6 in Fighting
  4645 | D:6      | 4645 ||| INVOKING Heroism.
  4656 | D:6      | Noticed Menkaure
  4659 | D:6      | Killed Menkaure
  4728 | D:6      | Found Jiudaan's Distillery.
  4731 | D:6      | 4731 ||| BUYING potion of enlightenment (60 gold).
  4731 | D:6      | Bought a potion of enlightenment for 60 gold pieces
  4731 | D:6      | 4731 ||| BUYING potion of enlightenment (60 gold).
  4731 | D:6      | Bought a potion of enlightenment for 60 gold pieces
  4731 | D:6      | 4731 ||| SHOPLISTING potion of haste (120 gold, have 86).
  4731 | D:6      | 4731 ||| SHOPLISTING potion of magic (96 gold, have 86).
  4731 | D:6      | 4731 ||| BUYING potion of might (48 gold).
  4731 | D:6      | Bought a potion of might for 48 gold pieces
  4731 | D:6      | 4731 ||| SHOPLISTING potion of mutation (96 gold, have 38).
  4808 | D:6      | Noticed Sigmund
  4809 | D:6      | 4809 ||| INVOKING Heroism.
  4810 | D:6      | 4810 ||| SWAPPING to +0 arbalest.
  4811 | D:6      | 4811 ||| DROPPING +0 shortbow.
  4812 | D:6      | 4812 ||| INVOKING Heroism.
  4817 | D:6      | Killed Sigmund
  4818 | D:6      | Reached skill level 10 in Ranged Weapons
  4818 | D:6      | Reached XP level 9. HP: 56/56 MP: 6/10
  4823 | D:6      | Noticed Pikel
  4824 | D:6      | 4824 ||| INVOKING Heroism.
  4841 | D:6      | 4841 ||| INVOKING Heroism.
  4847 | D:6      | Killed Pikel
  4847 | D:6      | Reached ** piety under Okawaru
  4848 | D:6      | Reached skill level 3 in Dodging
  4848 | D:6      | Reached skill level 3 in Invocations
  4878 | D:6      | 4878 ||| DROPPING +3 heavy sling.
  5258 | D:6      | 5258 ||| READING scroll labelled WIJECI WUEMI.
  5259 | D:6      | 5259 ||| READING 2 scrolls of identify.
  5259 | D:6      | 5259 ||| IDENTIFYING glowing white potion
  5273 | D:7      | 5273 ||| INVOKING Heroism.
  5332 | D:7      | Reached skill level 11 in Ranged Weapons
  5350 | D:7      | Found an ancient bone altar of Kikubaaqudgha.
  5363 | D:7      | Found a shimmering blue altar of Sif Muna.
  5365 | D:7      | 5365 ||| INVOKING Heroism.
  5389 | D:7      | 5389 ||| FLEEEEING.
  5390 | D:7      | 5390 ||| FLEEEEING.
  5532 | D:7      | Reached skill level 1 in Armour
  5546 | D:7      | 5546 ||| READING scroll of brand weapon.
  5546 | D:7      | 5546 ||| BRANDING +0 arbalest.
  5571 | D:7      | 5571 ||| INVOKING Heroism.
  5578 | D:7      | 5578 ||| Stepping ~*~*~tactically~*~*~ (outnumbered).
  5762 | D:7      | Reached XP level 10. HP: 64/64 MP: 13/13
  5775 | D:7      | Found a blossoming altar of Fedhas.
  5941 | D:7      | 5941 ||| READING 2 scrolls labelled QEEPLE VONUXT.
  5942 | D:7      | 5942 ||| READING scroll of enchant weapon.
  5942 | D:7      | 5942 ||| ENCHANTING +1 arbalest of flaming.
  5989 | D:8      | 5989 ||| STAIRDANCE
  5999 | D:8      | 5999 ||| INVOKING Heroism.
  6004 | D:8      | Reached *** piety under Okawaru
  6321 | D:8      | Noticed Maggie
  6324 | D:8      | Noticed Prince Ribbit
  6325 | D:8      | Reached skill level 12 in Ranged Weapons
  6328 | D:8      | 6328 ||| INVOKING Heroism.
  6332 | D:8      | Killed Maggie
  6338 | D:8      | Killed Prince Ribbit
  6585 | D:8      | Noticed Psyche
  6586 | D:8      | 6586 ||| INVOKING Heroism.
  6588 | D:8      | Killed Psyche
  6609 | D:8      | Found a snail-covered altar of Cheibriados.
  6633 | D:8      | 6633 ||| Stepping ~*~*~tactically~*~*~ (outnumbered).
  6635 | D:8      | 6635 ||| Stepping ~*~*~tactically~*~*~ (outnumbered).
  6637 | D:8      | 6637 ||| Stepping ~*~*~tactically~*~*~ (outnumbered).
  6657 | D:8      | 6657 ||| READING scroll labelled CUORAO JYSUYW.
  6662 | D:8      | 6662 ||| READING 2 scrolls of identify.
  6662 | D:8      | 6662 ||| IDENTIFYING golden potion
  6663 | D:8      | 6663 ||| DROPPING potion of degeneration.
  6699 | D:9      | Found Egihog's Weapon Shoppe.
  6719 | D:9      | Found a staircase to the Lair.
  6719 | D:9      | Noticed a two-headed ogre
  6720 | D:9      | 6720 ||| INVOKING Heroism.
  6722 | D:9      | 6722 ||| Stepping ~*~*~tactically~*~*~ (outnumbered).
  6733 | D:9      | Reached skill level 13 in Ranged Weapons
  6733 | D:9      | Reached **** piety under Okawaru
  6743 | D:9      | 6743 ||| INVOKING Heroism.
  6745 | D:9      | Killed a two-headed ogre
  6746 | D:9      | Reached skill level 9 in Fighting
  6773 | D:9      | 6773 ||| READING scroll of brand weapon.
  6773 | D:9      | 6773 ||| BRANDING +2 arbalest of flaming.
  6817 | D:9      | 6817 ||| INVOKING Heroism.
  6821 | D:9      | Reached XP level 11. HP: 71/71 MP: 11/14
  6922 | D:9      | Found a sparkling altar of Nemelex Xobeh.
  6957 | D:9      | 6957 ||| INVOKING Heroism.
  6965 | D:9      | HP: 15/71 [hornet (6)]
  6972 | D:9      | HP: 10/71 [hornet (7)]
  7154 | D:9      | 7154 ||| INVOKING Heroism.
  7157 | D:9      | 7157 ||| Stepping ~*~*~tactically~*~*~ (outnumbered).
  7180 | D:9      | Found Avaeri's Distillery.
  7386 | D:9      | 7386 ||| UPGRADING to +0 pair of boots.
  7391 | D:9      | 7391 ||| UPGRADING to +4 ring of slaying {mikee}.
  7393 | D:9      | 7393 ||| DROPPING +6 ring of strength.
  7394 | D:9      | 7394 ||| READING 2 scrolls of identify.
  7394 | D:9      | 7394 ||| IDENTIFYING murky ruby potion
  7395 | D:9      | 7395 ||| DROPPING potion of berserk rage.
  7441 | D:10     | Entered Level 10 of the Dungeon
  7462 | D:10     | Reached skill level 6 in Invocations
  7539 | D:10     | 7539 ||| READING scroll labelled IREFEFION.
  7679 | D:9      | 7679 ||| Stepping randomly (stuck).
  7717 | D:10     | 7717 ||| INVOKING Heroism.
  7771 | D:9      | 7771 ||| BUYING potion of curing (39 gold).
  7771 | D:9      | Bought a potion of curing for 39 gold pieces
  7771 | D:9      | 7771 ||| BUYING potion of curing (39 gold).
  7771 | D:9      | Bought a potion of curing for 39 gold pieces
  7771 | D:9      | 7771 ||| BUYING potion of haste (130 gold).
  7771 | D:9      | Bought a potion of haste for 130 gold pieces
  7771 | D:9      | 7771 ||| BUYING potion of lignification (39 gold).
  7771 | D:9      | Bought a potion of lignification for 39 gold pieces
  7771 | D:9      | 7771 ||| SHOPLISTING potion of might (52 gold, have 1).
  7771 | D:9      | 7771 ||| SHOPLISTING potion of mutation (104 gold, have 1).
  7771 | D:9      | 7771 ||| SHOPLISTING potion of resistance (130 gold, have
                  | 1).
  7771 | D:9      | 7771 ||| Stepping randomly (stuck).
  7772 | D:9      | 7772 ||| PLANNING LAIR
  7836 | Lair:1   | Entered Level 1 of the Lair of Beasts
  7931 | Lair:1   | 7931 ||| INVOKING Heroism.
  8034 | Lair:1   | 8034 ||| INVOKING Heroism.
  8130 | Lair:1   | Reached ***** piety under Okawaru
  8184 | Lair:1   | Reached skill level 14 in Ranged Weapons
  8201 | Lair:1   | 8201 ||| INVOKING Heroism.
  8215 | Lair:1   | 8215 ||| INVOKING Heroism.
  8261 | Lair:1   | Reached XP level 12. HP: 76/77 MP: 18/18
  8296 | Lair:1   | Reached skill level 9 in Invocations
  8697 | Lair:1   | 8697 ||| UPGRADING to +0 helmet.
  8702 | Lair:1   | 8702 ||| READING scroll labelled PED FEMACWYE.
  8702 | Lair:1   | Identified a scroll of acquirement
  8702 | Lair:1   | 8702 ||| ACQUIRING +0 pair of gloves of stealth
  8702 | Lair:1   | Acquired a +0 pair of gloves of stealth
  8704 | Lair:1   | 8704 ||| UPGRADING to +0 pair of gloves of stealth.
  8709 | Lair:1   | 8709 ||| READING 4 scrolls of identify.
  8709 | Lair:1   | 8709 ||| IDENTIFYING amethyst potion
  8731 | Lair:2   | 8731 ||| INVOKING Heroism.
  8750 | Lair:2   | Reached skill level 3 in Armour
  8808 | Lair:2   | Noticed an eight-headed hydra
  8809 | Lair:2   | 8809 ||| INVOKING Heroism.
  8812 | Lair:2   | Killed an eight-headed hydra
  8979 | Lair:2   | 8979 ||| Stepping ~*~*~tactically~*~*~ (water).
  8994 | Lair:2   | 8994 ||| INVOKING Heroism.
  9000 | Lair:2   | HP: 18/77 [death yak simulacrum (21)]
  9039 | Lair:2   | 9039 ||| FLEEEEING.
  9046 | Lair:2   | 9046 ||| STAIRDANCE
  9064 | Lair:2   | 9064 ||| INVOKING Heroism.
  9068 | Lair:2   | Received a gift from Okawaru
  9069 | Lair:2   | Reached skill level 15 in Ranged Weapons
  9087 | Lair:2   | 9087 ||| SWAPPING to +0 longbow of electrocution.
  9088 | Lair:2   | 9088 ||| DROPPING +0 orcbow.
  9089 | Lair:2   | 9089 ||| DROPPING +2 arbalest of draining.
  9100 | Lair:2   | 9100 ||| Stepping ~*~*~tactically~*~*~ (water).
  9865 | Lair:3   | Found a radiant altar of Vehumet.
  9899 | Lair:3   | 9899 ||| INVOKING Heroism.
  9970 | Lair:3   | Reached skill level 16 in Ranged Weapons
  9986 | Lair:3   | Identified the +2 rapier of Brawling {flame, Dex+3}
 10058 | Lair:3   | Received a gift from Okawaru
 10059 | Lair:3   | Reached XP level 13. HP: 82/82 MP: 20/20
 10060 | Lair:3   | 10060 ||| DROPPING +2 arbalest of flaming.
 10147 | Lair:3   | Found a staircase to the Snake Pit.
 10153 | Lair:3   | Reached skill level 6 in Dodging
 10363 | Lair:3   | Found a staircase to the Shoals.
 10593 | Lair:4   | Found a staircase to the Slime Pits.
 10594 | Lair:4   | 10594 ||| INVOKING Heroism.
 10595 | Lair:4   | 10595 ||| INVOKING Finesse.
 10697 | Lair:4   | 10697 ||| INVOKING Heroism.
 10724 | Lair:4   | 10724 ||| INVOKING Finesse.
 10819 | Lair:4   | 10819 ||| INVOKING Heroism.
 10903 | Lair:4   | 10903 ||| INVOKING Heroism.
 10904 | Lair:4   | 10904 ||| INVOKING Finesse.
 10940 | Lair:4   | Reached skill level 17 in Ranged Weapons
 10957 | Lair:4   | 10957 ||| INVOKING Heroism.
 10999 | Lair:4   | Noticed Snorg
 11000 | Lair:4   | 11000 ||| INVOKING Finesse.
 11004 | Lair:4   | Killed Snorg
 11009 | Lair:4   | Received a gift from Okawaru
 11208 | Lair:4   | 11208 ||| INVOKING Heroism.
 11209 | Lair:4   | 11209 ||| INVOKING Finesse.
 11256 | Lair:4   | 11256 ||| INVOKING Heroism.
 11280 | Lair:4   | 11280 ||| INVOKING Finesse.
 11280 | Lair:4   | HP: 21/84 [meliai/divine providence (12)]
 11282 | Lair:4   | HP: 6/84 [meliai/divine providence (15)]
 11282 | Lair:4   | Killed from afar by a meliai

Levels and vault maps discovered:
D:1:      evilmike_arrival_crescent, layout_basic, minmay_shallow_snake_nest
D:2:      layout_rooms, serial_shops, shop, uniq_crazy_yiuf_cottage
D:3:      layout_basic, serial_shops, shop, hex_intersection
D:4:      minmay_chambers_of_twos, layout_basic
D:5:      minmay_opposing_rooms, layout_basic,
          gammafunk_temple_overflow_forgotten, minmay_temple_entry_junction,
          ebering_ghost_reflecting_pool
D:6:      layout_rooms, serial_shops, nicolae_shop_real_fake_doors, uniq_pikel,
          uniq_sigmund, uniq_menkaure
D:7:      layout_cave_pools, nicolae_sif_muna_condensation, fedhas_altar_4,
          mainiacjoe_overflow_24_doors, water_boxes_lemuel
D:8:      layout_loops_ring, slow_altar_2, abandoned_shop, nrook_uturn,
          uniq_prince_ribbit1, uniq_psyche, uniq_maggie
D:9:      layout_rooms, mainiacjoe_overflow_surrounded_room,
          erik_lair_orcish_takeover, serial_shops, shop, nicolae_take_the_stairs
D:10:     layout_basic, mainiacjoe_overflow_catwalk
Temple:   nicolae_temple_god_jail
Lair:1:   layout_regular_city, disabler_island, lemuel_fruit_fields,
          serial_bayou_shore_b
Lair:2:   dreamdust_isle_of_ice, layout_small_grid, serial_bayou_shore_a,
          lemuel_fruit_fields
Lair:3:   layout_roguey, minmay_shoals_entry_lonely_mermaid,
          minmay_snake_entry_guardpost_small, basic_altar
Lair:4:   regret_index_harrowing_hell_hive, layout_misc_corridors,
          minmay_slime_entry_oklob_open, dpeg_oklob_1, uniq_snorg

Skill      XL: |  1  2  3  4  5  6  7  8  9 10 11 12 13 |
---------------+----------------------------------------+-----
Ranged Weapons | 5 6 7 8 10 11 13 14 16 17 | 17.6
Fighting       | 3 4 5 6 7 9 10 11 | 11.0
Dodging        | 2 4 5 6 |  6.0
Invocations    | 2 4 8 10 | 10.0
Armour         | 1 3 4 |  4.0
Stealth        | |  1.1

Action                     |  1- 3 |  4- 6 |  7- 9 | 10-12 | 13-15 || total
---------------------------+-------+-------+-------+-------+-------++-------
   Fire: Shortbow          |    33 |       |       |       |       ||    33
         Sling             |    65 |    75 |   126 |       |       ||   266
         Arbalest          |       |       |   109 |   394 |       ||   503
         Longbow           |       |       |       |    69 |   219 ||   288
 Invoke: Heroism           |       |       |     8 |    18 |     7 ||    33
         Finesse           |       |       |       |       |     6 ||     6
    Use: Scroll            |     8 |     2 |     7 |     9 |       ||    26
         Potion            |     2 |     1 |       |       |       ||     3
 Armour: Leather armour    |    11 |     3 |       |       |       ||    14
         Robe              |       |     5 |    33 |    76 |    14 ||   128
  Dodge: Dodged            |    31 |    25 |   204 |   319 |    87 ||   666

Table legend:
 A = Non-vault XP
 B = Vault XP
 C = Vault XP percentage of total XP
 D = Non-vault monster count
 E = Vault monster count
 F = Vault count percentage of total count
                 A         B        C        D         E       F
            +---------+---------+-------+---------+---------+-------
      Total |   30891 |   18037 |  36.9 |     271 |     100 |  27.0
            +---------+---------+-------+---------+---------+-------
        D:1 |      55 |       0 |   0.0 |      27 |       0 |   0.0
        D:2 |      64 |       0 |   0.0 |      13 |       0 |   0.0
        D:3 |     251 |       0 |   0.0 |      26 |       0 |   0.0
        D:4 |     424 |     244 |  36.5 |      18 |       8 |  30.8
        D:5 |     227 |     435 |  65.7 |      11 |      10 |  47.6
        D:6 |     708 |    1055 |  59.8 |       9 |       3 |  25.0
        D:7 |    1469 |       0 |   0.0 |      24 |       0 |   0.0
        D:8 |    1692 |    1102 |  39.4 |      16 |       4 |  20.0
        D:9 |    2560 |     650 |  20.2 |      18 |       9 |  33.3
       D:10 |    2017 |       0 |   0.0 |      10 |       0 |   0.0
     Lair:1 |    6255 |     350 |   5.3 |      36 |       4 |  10.0
     Lair:2 |    4824 |    3565 |  42.5 |      17 |      16 |  48.5
     Lair:3 |    5523 |     923 |  14.3 |      25 |       4 |  13.8
     Lair:4 |    4822 |    9713 |  66.8 |      21 |      42 |  66.7
            +---------+---------+-------+---------+---------+-------
